 Dungeon Crawl Stone Soup version 0.29-a0-393-g47a863cc1b (webtiles) character file.

Game seed: 13406318788214750271

2667 Gargoyl the Chopper (level 9, -11/61 HPs)
             Began as a Gargoyle Berserker on May 9, 2022.
             Was a Priest of Trog.
             Mangled by a large slime creature (30 damage)
             ... on level 7 of the Dungeon.
             The game lasted 00:10:39 (9201 turns).

Gargoyl the Chopper (Gargoyle Berserker)            Turns: 9201, Time: 00:10:40

Health: -11/61     AC: 19    Str: 20    XL:     9   Next: 63%
Magic:  9/9        EV:  8    Int:  9    God:    Trog [***...]
Gold:   287        SH:  0    Dex: 13    Spells: 8/8 levels left

rFire   . . .      SeeInvis .   r - +2 falchion (drain)
rCold   . . .      Faith    .   (no shield)
rNeg    + . .      Spirit   .   j - +0 chain mail
rPois   ∞          Reflect  .   b - +0 helmet
rElec   +          Harm     .   e - +0 cloak
rCorr   .          Rampage  .   (no gloves)
Will    ++...                   (no boots)
Stlth   ..........              (no amulet)
HPRegen 1.20/turn               (no ring)
MPRegen 0.11/turn               (no ring)

@: strong-willed, on berserk cooldown, regenerating, slowed, very slow
A: sickness immunity, AC +6, negative energy resistance 1, electricity
resistance, torment resistance 1, petrification resistance, talons 1, robust 1
a: Renounce Religion, Berserk, Trog's Hand


You were on level 7 of the Dungeon.
You worshipped Trog.
Trog was most pleased with you.
You visited 1 branch of the dungeon, and saw 7 of its levels.
You also visited: Sewer.

You collected 422 gold pieces.
You spent 135 gold pieces at shops.

Inventory:

Hand Weapons
 a - a +2 hand axe
 r - a +2 falchion of draining (weapon)
Missiles
 g - 34 poisoned darts (quivered)
Armour
 b - a +0 helmet (worn)
 e - a +0 cloak (worn)
 j - a +0 chain mail (worn)
Wands
 q - a wand of mindburst (9)
Scrolls
 c - a scroll of poison
 m - 3 scrolls of teleportation
 p - 2 scrolls of blinking
 t - 2 scrolls of identify
Potions
 d - a potion of might
 f - a potion of haste
 h - 5 potions of curing
 i - a potion of cancellation
 k - a potion of invisibility
 l - 2 potions of flight
 n - a potion of magic
 o - 3 potions of heal wounds


   Skills:
 + Level 6.9 Fighting
 + Level 4.2 Long Blades
 + Level 7.6 Axes
 + Level 1.1 Throwing
 + Level 6.9 Armour
 + Level 2.7 Dodging
 + Level 1.3 Stealth


You had 8 spell levels left.
You didn't know any spells.
Your spell library was empty.

Dungeon Overview and Level Annotations

Branches:
Dungeon (7/15)             Temple (0/1) D:6           Sewer (visited)

Altars:
Cheibriados
Wu Jian

Shops:
D:2 *!([?


Innate Abilities, Weirdness & Mutations

You are immune to sickness and miasma.
Your stone body is resilient. (AC +6)
You are immune to poison.
You resist negative energy. (rN+)
You are resistant to electric shocks. (rElec)
You are resistant to unholy torment.
You are immune to petrification.
You have sharp toenails.
You are robust. (+10% HP)


Message History

The slime creature is moderately wounded.
The slime creature hits you but does no damage.
You completely miss the slime creature. You claw the slime creature!
The slime creature is heavily wounded.
You slash the slime creature!
The slime creature is heavily wounded.
The slime creature hits you but does no damage.
You hit the slime creature. You drain the slime creature.
You claw the slime creature!
The slime creature is almost dead.
The slime creature hits you.
You hit the slime creature. You claw the slime creature.
You kill the slime creature!
Trog accepts your kill.
You are no longer berserk.
You are exhausted.
You feel yourself slow down.
Your Long Blades skill increases to level 4!
Found a ring mail.
You feel the effects of Trog's Hand fading.
g - 34 poisoned darts (gained 1)
A slime creature comes into view.
The slime creature quivers.
You see here 2 poisoned darts.
A slime creature comes into view.
The slime creature quivers.
The slime creature hits you.
You see here 2 poisoned darts.
Your skin stops crawling.
You feel less strong-willed.
Two slime creatures merge to form a large slime creature.
The large slime creature hits you but does no damage.
The large slime creature attacks as you move away!
The large slime creature hits you!
* * * LOW HITPOINT WARNING * * *
The large slime creature attacks as you move away!
The large slime creature hits you but does no damage. x2
Your skin crawls.
You feel strong-willed. The large slime creature hits you!!
You die...

#.# #.# # #.# #. #.# ##'##
#. #.# ##...## #. #.# #
##.....## #.###(##.#
##.......# #....(...#
#.........####...#.######
'..)......+......J........
#.........####.[@#.#######
##.......## #.........#
##.....## #.###.###.#
##..(## #. ..# #+## # ...
.# #### #.# ##.#####
####......


You could see a large slime creature.

Vanquished Creatures
  Grinder (D:5)
  3 slime creatures (D:7)
  Menkaure (D:5)
  3 ice beasts (D:4)
  An ogre (D:5)
  Blork the orc (D:6)
  A bullfrog (D:7)
  4 kobold brigands
  A gnoll sergeant (D:3)
  A scorpion (D:4)
  2 hounds (D:4)
  3 jellies
  3 orc priests
  Ijyb (D:5)
  An iguana (D:5)
  4 orc wizards
  7 gnolls (D:4)
  10 adders
  A white imp (D:6)
  An ufetubus (D:5)
  10 worms
  2 dart slugs
  23 orcs
  9 endoplasms
  3 giant cockroaches
  10 hobgoblins
  2 jackals (D:3)
  4 quokkas
  17 ball pythons
  9 bats
  5 frilled lizards
  7 goblins
  15 kobolds
  6 rats
172 creatures vanquished.

Vanquished Creatures (others)
  3 plants (D:2)
3 creatures vanquished.

Grand Total: 175 creatures vanquished

Notes
Turn   | Place    | Note
-------+----------+-------------------------------------------
     0 | D:1      | Gargoyl the Gargoyle Berserker began the quest for the Orb.
     0 | D:1      | Reached XP level 1. HP: 14/14 MP: 1/1
    93 | D:1      | Found a faded altar of an unknown god.
   415 | D:1      | Reached XP level 2. HP: 18/19 MP: 2/2
   508 | D:1      | Reached skill level 3 in Axes
   872 | D:1      | Reached XP level 3. HP: 22/24 MP: 3/3
  1341 | D:2      | Found Zamujugh's Magic Scroll Boutique.
  1347 | D:2      | Bought a scroll of poison for 45 gold pieces
  1643 | D:2      | Found Vaparyth's Distillery.
  1644 | D:2      | Found Joigh's Assorted Antiques.
  1813 | D:2      | Bought a potion of curing for 30 gold pieces
  1813 | D:2      | Bought a potion of curing for 30 gold pieces
  1813 | D:2      | Bought a potion of curing for 30 gold pieces
  1885 | D:2      | Found Cuudonem's Armour Shop.
  1888 | D:2      | Found Mailuist's Antique Weapon Shop.
  1899 | D:2      | Reached ** piety under Trog
  2039 | D:2      | Reached XP level 4. HP: 28/29 MP: 4/4
  2974 | D:3      | Noticed a gnoll sergeant
  2987 | D:3      | Killed a gnoll sergeant
  2988 | D:3      | Reached skill level 4 in Axes
  2988 | D:3      | Reached XP level 5. HP: 23/33 MP: 5/5
  4175 | D:3      | Reached XP level 6. HP: 39/39 MP: 6/6
  4487 | D:4      | Found a glowing drain.
  4502 | Sewer    | Entered a sewer
  4713 | Sewer    | Reached skill level 5 in Axes
  5074 | Sewer    | Reached *** piety under Trog
  5185 | Sewer    | Reached XP level 7. HP: 17/44 MP: 7/7
  5891 | D:4      | Found a transporter.
  5924 | D:4      | Reached skill level 5 in Fighting
  6369 | D:4      | Found a transporter.
  6390 | D:4      | Reached skill level 6 in Axes
  6948 | D:4      | Reached XP level 8. HP: 22/50 MP: 8/8
  6949 | D:4      | Reached skill level 5 in Armour
  7401 | D:5      | Entered Level 5 of the Dungeon
  7401 | D:5      | Noticed Menkaure
  7407 | D:5      | Killed Menkaure
  7516 | D:5      | Reached skill level 7 in Axes
  7633 | D:5      | Noticed Ijyb
  7644 | D:5      | Killed Ijyb
  7947 | D:5      | Noticed Grinder
  7961 | D:5      | Killed Grinder
  7962 | D:5      | Reached skill level 1 in Long Blades
  8029 | D:5      | Gained mutation: You are clumsy. (Dex -2) [potion of
                  | mutation]
  8029 | D:5      | Gained mutation: You have a pair of small horns on your
                  | head. [potion of mutation]
  8030 | D:5      | Lost mutation: You are clumsy. (Dex -2) [potion of
                  | mutation]
  8030 | D:5      | Lost mutation: You have a pair of small horns on your head.
                  | [potion of mutation]
  8030 | D:5      | Gained mutation: You are robust. (+10% HP) [potion of
                  | mutation]
  8030 | D:5      | Gained mutation: You have sharp toenails. [potion of
                  | mutation]
  8262 | D:6      | Found a staircase to the Ecumenical Temple.
  8384 | D:6      | Reached XP level 9. HP: 55/60 MP: 9/9
  8605 | D:6      | Found a large runed translucent door.
  8605 | D:6      | Found a large runed translucent door.
  8697 | D:6      | Noticed Blork the orc
  8705 | D:6      | Killed Blork the orc
  8706 | D:6      | Reached skill level 1 in Stealth
  8932 | D:6      | Found a snail-covered altar of Cheibriados.
  8943 | D:6      | Found an ornate altar of the Wu Jian Council.
  9185 | D:7      | Killed a large slime creature
  9186 | D:7      | Reached skill level 1 in Throwing
  9201 | D:7      | Mangled by a large slime creature

Illustrated notes

Levels and vault maps discovered:
D:1:      ebering_trefoil_twist, layout_loops_cross,
          hellmonk_ecumenical_altar_pennies_from_heaven
D:2:      layout_basic, serial_shops, nicolae_shop_overgrown_old_shop,
          shop_statue, nicolae_square_shop, shop, shop
D:3:      minmay_thinvault, layout_loops_cross, patterned_corridor
D:4:      gammafunk_cloud_chamber, layout_basic, cheibrodos_sewer_entry_bend,
          grunt_ministairs_12
D:5:      layout_gridville, minmay_misc_feat_iff, uniq_menkaure, uniq_grinder,
          uniq_ijyb
D:6:      layout_basic, jmf_multi_god_temple2, temple_pool_b, uniq_blork_the_orc
D:7:      layout_loops_corners, uniq_maggie

Skill      XL: |  1  2  3  4  5  6  7  8  9 |
---------------+----------------------------+-----
Axes           | 3 4 5 6 7 |  7.6
Dodging        | 2 |  2.7
Fighting       | 4 5 6 |  6.9
Armour         | 3 4 6 |  6.9
Long Blades    | 1 4 |  4.2
Stealth        | 1 |  1.3
Throwing       | 1 |  1.1

Action                   |  1- 3 |  4- 6 |  7- 9 || total
-------------------------+-------+-------+-------++-------
Melee: Hand axe          |   130 |   252 |   208 ||   590
       Punch             |       |     4 |     6 ||    10
       Falchion          |       |       |   110 ||   110
       Kick              |       |       |    21 ||    21
Throw: Dart              |       |       |     9 ||     9
Invok: Berserk           |     1 |     4 |     8 ||    13
       Trog's Hand       |       |     1 |     7 ||     8
  Use: Scroll            |     4 |     9 |     8 ||    21
       Potion            |       |       |     3 ||     3
Armor: Animal skin       |    62 |       |       ||    62
       Chain mail        |     8 |   144 |   234 ||   386
Dodge: Dodged            |   115 |    90 |   134 ||   339

Table legend: (Time is in decaauts)
 A = Elapsed time spent in this place.
 B = Non-inter-level travel time spent in this place.
 C = Inter-level travel time spent in this place.
 D = Time resting spent in this place.
 E = Time spent auto-exploring this place.
 F = Levels seen in this place.
 G = Mean time per level.
                   A        B        C        D        E       F      G
               +--------+--------+--------+--------+--------+-----+--------+
         Total |   9534 |   9251 |    283 |    274 |   7250 |   8 | 1191.8 |
       Dungeon |   8203 |   7920 |    283 |    274 |   6262 |   7 | 1171.9 |
         Sewer |   1331 |   1331 |      0 |      0 |    987 |   1 | 1331.0 |
               +--------+--------+--------+--------+--------+-----+--------+

Top non-repeatable levels by time:
     D:4: 2029 daAuts
     D:3: 1894 daAuts
   Sewer: 1331 daAuts
     D:1: 1248 daAuts
     D:2: 1167 daAuts
     D:5: 816 daAuts
     D:6: 814 daAuts
     D:7: 232 daAuts
